 Dungeon Crawl Stone Soup version 0.31-a0-182-gc5ef74bbde (webtiles) character file.

Game seed: 12293465401821716369

133 ragingrage the Cudgeller (level 5, 0/49 HPs)
             Began as a Naga Monk on June 20, 2023.
             Slain by an orc
             ... wielding a +0 short sword of venom
              (3 damage)
             ... on level 3 of the Dungeon.
             The game lasted 00:01:42 (1665 turns).

ragingrage the Cudgeller (Naga Monk)                Turns: 1665, Time: 00:01:43

Health: 0/49       AC: 10    Str: 15    XL:     5   Next: 16%
Magic:  5/5        EV:  2    Int: 11    God:
Gold:   50         SH:  0    Dex: 13    Spells: 4/4 levels left

rFire   + . .        a - +0 mace
rCold   . . .        d - orb {light}
rNeg    . . .        g - +2 plate armour {rF+}
rPois   +            f - +0 helmet
rElec   .            (no cloak)
rCorr   .            j - +0 pair of gloves
SInv    +            (no barding)
Will    .....        (no amulet) Stlth
                     (no ring)
HPRegen 0.28/turn    (no ring)
MPRegen 0.09/turn

%: no passive effects
@: short of breath, glowing, studying Summonings, very slow
A: AC +1, large, see invisible, deformed body, poison resistance, slowness 2,
spit poison 1, naga tail 1, camouflage 1
a: Spit Poison


You were on level 3 of the Dungeon.
You visited 1 branch of the dungeon, and saw 3 of its levels.

You collected 98 gold pieces.
You spent 48 gold pieces at shops.

Inventory:

Hand Weapons
 a - a +0 mace (weapon)
Armour
 d - an orb of light (worn)
 f - a +0 helmet (worn)
 g - a +2 plate armour of fire resistance (worn)
 j - a +0 pair of gloves (worn)
Magical Staves
 l - a staff of poison
Scrolls
 e - a scroll of amnesia {unknown}
 k - a scroll of noise {unknown}
 m - a scroll of fear
 n - 2 scrolls of revelation {unknown}
 q - 2 scrolls of vulnerability {unknown}
 r - a scroll of poison {unknown}
Potions
 b - 2 potions of lignification {unknown}
 c - 2 potions of ambrosia
 i - a potion of mutation
 o - 2 potions of degeneration {unknown}
 p - a potion of brilliance {unknown}


   Skills:
 - Level 3.0 Fighting
 + Level 5.7 Maces & Flails
 - Level 2.4 Dodging


You had 4 spell levels left.
You didn't know any spells.
Your spell library contained the following spells:

 Spells                   Type           Power      Damage    Failure   Level
 Ensorcelled Hibernation  Hex/Ice        0%         N/A       100%        2
 Passwall                 Tmut/Erth      0%         N/A       100%        2
 Swiftness                Air            0%         N/A       100%        3


Dungeon Overview and Level Annotations

Branches:
Dungeon (3/15)

Altars:

Shops:
D:2 ?


Innate Abilities, Weirdness & Mutations

Your serpentine skin is tough. (AC +1)
You have supernaturally acute eyesight. (SInv)
Armour fits poorly on your strangely shaped body.
Your system is resistant to poisons. (rPois)
You cover ground very slowly.
You can spit poison.
You have a snake-like lower body.
Your skin changes colour to match your surroundings (Stealth+).


Message History

You sock the orc wizard!
The orc wizard hits you but does no damage.
You hit the orc wizard.
The orc priest begins to cast a cantrip, but forgets the words!
The orc wizard hits you but does no damage.
You hit the orc wizard.
You kill the orc wizard!
The orc priest calls down the wrath of Beogh upon you.
Beogh smites you!
* * * LOW HITPOINT WARNING * * *
You have reached level 5!
You barely miss the orc. The orc hits you but does no damage.
The orc priest calls down the wrath of Beogh upon you.
Beogh smites you!
* * * LOW HITPOINT WARNING * * *
You feel much better. The orc hits you but does no damage.
The orc priest calls upon Beogh to heal the orc.
The orc's wounds heal themselves!
It was a potion of mutation.
You feel extremely strange.
Your skin functions as natural camouflage.
Your bones become slightly less dense.
Your skeletal structure returns to normal.
The orc hits you with a +0 club.
You barely miss the orc. The orc hits you with a +0 club.
You hit the orc. The orc hits you but does no damage.
Aiming: Spit Poison (1% risk of failure)
Press: ? - help, Shift-Dir - straight line, f - orc
Aim: an orc, wielding a +0 club (almost dead, haloed, 76% to hit)
The splash of poison hits the orc!
The orc is poisoned.
You kill the orc!
You hit the orc. The orc barely misses you.
The orc priest calls upon Beogh to heal the orc.
The orc's wounds heal themselves!
You hit the orc but do no damage. The orc hits you but does no damage.
The orc priest invokes the aid of Beogh against you.
Beogh smites you!
* * * LOW HITPOINT WARNING * * *
You hit the orc.
The orc hits you with a +0 short sword of venom.
You die...

#.......#
######.######
###.......#
#....####...
#.#.## #.#.#
#.#.# #.#.#
#@#..
#.###o####.#
#...ooo....#
####.oB..###
........#
#.#####..# #
..# ..# ...


You could see an orc priest, 4 orcs and a giant cockroach.

Vanquished Creatures
  2 orc wizards (D:3)
  2 adders (D:2)
  2 worms
  2 orcs (D:3)
  A bat (D:1)
  5 endoplasms
  A giant cockroach (D:1)
  6 goblins
  5 hobgoblins
  9 jackals (D:1)
  3 quokkas
  5 ball pythons
  6 kobolds (D:1)
  4 rats
53 creatures vanquished.

Notes
Turn   | Place    | Note
-------+----------+-------------------------------------------
     0 | D:1      | ragingrage the Naga Monk began the quest for the Orb.
     0 | D:1      | Reached XP level 1. HP: 21/21 MP: 1/1
   159 | D:1      | Reached XP level 2. HP: 23/28 MP: 2/2
   311 | D:1      | Reached skill level 4 in Maces & Flails
   318 | D:1      | Reached XP level 3. HP: 22/34 MP: 3/3
   455 | D:1      | Found a faded altar of an unknown god.
  1159 | D:2      | Reached XP level 4. HP: 39/42 MP: 4/4
  1185 | D:2      | Found Aphumid's Magic Scroll Shop.
  1233 | D:2      | Reached skill level 5 in Maces & Flails
  1279 | D:2      | Bought a scroll of fear for 48 gold pieces
  1657 | D:3      | Reached XP level 5. HP: 14/49 MP: 5/5
  1659 | D:3      | Gained mutation: Your skin changes colour to match your
                  | surroundings (Stealth+). [potion of mutation]
  1659 | D:3      | Gained mutation: You have a somewhat thin skeletal
                  | structure. (Dex +2, Stealth+) [potion of mutation]
  1659 | D:3      | Lost mutation: You have a somewhat thin skeletal structure.
                  | (Dex +2, Stealth+) [potion of mutation]
  1665 | D:3      | Slain by an orc

Illustrated notes

Levels and vault maps discovered:
D:1:      dpeg_arrival_stone_temple_mockup, layout_loops_ring,
          shapermc_ecumenical_altar_totnotflames
D:2:      layout_loops_ring, serial_shops, shop, minmay_heptomino_o4
D:3:      layout_loops_cross, mainiacjoe_overflow_alcove_4,
          amcnicky_altar_gilded

Skill      XL: |  1  2  3  4 |
---------------+-------------+-----
Maces & Flails | 4 5 |  5.7
Fighting       | |  3.0
Dodging        | |  2.4

Action                     |  1- 3 |  4- 6 || total
---------------------------+-------+-------++-------
  Melee: Mace              |    93 |    48 ||   141
Ability: Spit Poison       |    11 |    10 ||    21
    Use: Potion            |       |     3 ||     3
 Armour: Plate armour      |    88 |    39 ||   127
  Dodge: Dodged            |     9 |     5 ||    14

Table legend: (Time is in decaauts)
 A = Elapsed time spent in this place.
 B = Non-inter-level travel time spent in this place.
 C = Inter-level travel time spent in this place.
 D = Time resting spent in this place.
 E = Time spent auto-exploring this place.
 F = Levels seen in this place.
 G = Mean time per level.
                   A        B        C        D        E       F      G
               +--------+--------+--------+--------+--------+-----+--------+
         Total |   2143 |   2118 |     25 |     66 |   1650 |   3 |  714.3 |
       Dungeon |   2143 |   2118 |     25 |     66 |   1650 |   3 |  714.3 |
               +--------+--------+--------+--------+--------+-----+--------+

Top non-repeatable levels by time:
     D:1: 1159 daAuts
     D:2: 892 daAuts
     D:3: 91 daAuts
